 Dungeon Crawl Stone Soup version 0.25-a0-578-gc91f01c39c (webtiles) character file.

Game seed: 8023356890313695589, levelgen mode: deterministic

2088 Flugslaktarn the Cleaver (level 9, -12/78 HPs)
             Began as a Minotaur Fighter on Mar 3, 2020.
             Was a Believer of Makhleb.
             Mangled by a swamp worm (17 damage)
             ... on level 7 of the Dungeon.
             The game lasted 00:02:25 (5303 turns).

Flugslaktarn the Cleaver (Minotaur Fighter)         Turns: 5303, Time: 00:02:25

Health: -12/78     AC: 10    Str: 24    XL:     9   Next: 6%
Magic:  11/11      EV:  6    Int:  5    God:    Makhleb [**....]
Gold:   260        SH: 11    Dex: 10    Spells: 8/8 levels left

rFire    . . .     SeeInvis .   v - +1 hand axe (elec)
rCold    . . .     Gourm    .   c - +0 kite shield
rNeg     . . .     Faith    .   i - +0 chain mail
rPois    .         Spirit   .   (helmet restricted)
rElec    .         Reflect  .   (no cloak)
rCorr    .         Harm     .   (no gloves)
MR       .....                  (no boots)
Stlth    ..........             (no amulet)
HPRegen  0.23/turn              (no ring)
MPRegen  0.12/turn              (no ring)

@: hasted, quick
A: retaliatory headbutt, horns 2
a: Minor Destruction, Renounce Religion


You were on level 7 of the Dungeon.
You worshipped Makhleb.
Makhleb was pleased with you.
You were not hungry.

You visited 2 branches of the dungeon, and saw 8 of its levels.

You collected 260 gold pieces.

Inventory:

Hand Weapons
 a - a +0 war axe
 v - a +1 hand axe of electrocution (weapon)
   (You took it off an orc on level 5 of the Dungeon)
 w - a +0 hand axe of flaming
   (You took it off an orc on level 5 of the Dungeon)
Armour
 b - a +0 scale mail
 c - a +0 kite shield (worn)
 i - a +0 chain mail (worn)
   (You found it on level 4 of the Dungeon)
Jewellery
 k - an uncursed ring of see invisible {unknown}
   (You found it on level 1 of the Dungeon)
Scrolls
 g - 2 scrolls of blinking {unknown}
 j - a scroll of fog {unknown}
 l - 2 scrolls of enchant armour {unknown}
 m - 9 scrolls of identify {unknown}
 n - 2 scrolls of magic mapping {unknown}
 o - a scroll of noise {unknown}
 p - 5 scrolls of teleportation {unknown}
 s - 2 scrolls of random uselessness {unknown}
 u - 2 scrolls of remove curse {unknown}
 y - a scroll of fear {unknown}
 A - a scroll of enchant weapon {unknown}
 B - a scroll of amnesia {unknown}
Potions
 d - a potion of might
 f - 2 potions of lignification {unknown}
 h - 2 potions of haste
 q - a potion of curing
 r - a potion of flight {unknown}
 t - a potion of heal wounds {unknown}
 x - a potion of mutation {unknown}
 z - a potion of stabbing {unknown}
Comestibles
 e - 11 rations


   Skills:
 + Level 6.9 Fighting
 * Level 8.8 Axes
 + Level 6.9 Armour
 + Level 6.9 Shields
 + Level 4.1 Invocations


You had 8 spell levels left.
You didn't know any spells.
Your spell library was empty.

Dungeon Overview and Level Annotations

Branches:
Dungeon (7/15)             Temple (1/1) D:4

Altars:
Cheibriados
Elyvilon
Fedhas
Gozag
Hepliaklqana
Kikubaaqudgha
Makhleb
Nemelex Xobeh
Qazlal
Ru
Sif Muna
Trog
Vehumet
Wu Jian
The Shining One


Innate Abilities, Weirdness & Mutations

You reflexively headbutt those who attack you in melee.
You have a pair of horns on your head.


Message History

The swamp worm is moderately wounded.
Your unstable footing causes you to fumble your attack.
You block the swamp worm's attack.
You slash the swamp worm!
The swamp worm is heavily wounded.
The swamp worm bites you!
* * * LOW HITPOINT WARNING * * *
Your unstable footing causes you to fumble your attack.
You block the swamp worm's attack.
You hit the swamp worm.
The swamp worm is heavily wounded.
Your unstable footing causes you to fumble your attack.
The swamp worm barely misses you.
You hit the swamp worm.
The swamp worm is heavily wounded.
The swamp worm bites you but does no damage.
You slash the swamp worm! Your headbutt misses the swamp worm.
The swamp worm is almost dead.
The swamp worm bites you!
You die...

.#....####.#################
.........#.................#
.....###.........#########.##
.....# ##........##≈≈≈≈≈...(#
###### ###......#≈≈≈≈≈≈≈#..##
#.....≈≈≈≈###≈≈≈≈..#
#....≈≈≈###≈###≈≈≈.#
#....≈≈≈#≈(≈≈≈##≈≈.#
####.≈@≈≈≈≈≈≈≈ #≈≈.#
#.≈≈w#≈≈≈≈)##≈≈.#
#.≈≈≈###≈###≈≈≈.#
###≈≈≈≈###≈≈≈≈..#
###≈≈≈≈≈≈≈...## ##≈≈≈≈≈..###
#########


You could see a swamp worm.

Vanquished Creatures
  A yak (D:6)
  An orc warrior (D:7)
  An ice beast (D:6)
  2 sky beasts
  2 ogres
  3 centaurs
  A bullfrog (D:7)
  A gnoll sergeant (D:5)
  2 howler monkeys
  3 crimson imps
  A bullfrog zombie (D:6)
  2 orc priests
  A centaur zombie (D:6)
  2 hounds
  2 quasits (D:5)
  An orc wizard (D:7)
  A bullfrog skeleton (D:5)
  A gnoll shaman (D:7)
  A centaur skeleton (D:6)
  6 worker ants
  A hound skeleton (D:5)
  14 gnolls
  9 adders
  A shadow imp (D:7)
  3 oozes
  An adder zombie (D:4)
  2 worms
  A dart slug (D:2)
  2 leopard geckos
  13 orcs
  4 giant cockroaches
  6 goblins
  7 hobgoblins
  4 jackals (D:2)
  3 kobolds
  2 quokkas
  2 ball pythons
  6 bats
  3 frilled lizards
  A leopard gecko zombie (D:5)
  A quokka zombie (D:6)
  5 rats
  2 plants (D:7)
128 creatures vanquished.

Vanquished Creatures (others)
  2 plants (D:7)
2 creatures vanquished.

Grand Total: 130 creatures vanquished

Notes
Turn   | Place    | Note
-------+----------+-------------------------------------------
     0 | D:1      | Flugslaktarn the Minotaur Fighter began the quest for the
                  | Orb.
     0 | D:1      | Reached XP level 1. HP: 19/19 MP: 0/0
    60 | D:1      | Reached XP level 2. HP: 17/27 MP: 1/1
   221 | D:1      | Reached skill level 3 in Axes
   411 | D:2      | Reached XP level 3. HP: 24/33 MP: 2/2
   902 | D:2      | Reached XP level 4. HP: 35/40 MP: 3/3
   904 | D:2      | Reached skill level 4 in Axes
  1386 | D:4      | Noticed a centaur
  1387 | D:4      | Found a blossoming altar of Fedhas.
  1422 | D:4      | Found a staircase to the Ecumenical Temple.
  1433 | Temple   | Entered the Ecumenical Temple
  1550 | Temple   | Became a worshipper of Makhleb the Destroyer
  1603 | D:4      | Killed a centaur
  1603 | D:4      | Reached XP level 5. HP: 39/47 MP: 4/4
  2003 | D:4      | Found a blossoming altar of Fedhas.
  2040 | D:4      | Reached skill level 5 in Axes
  2040 | D:4      | Reached skill level 1 in Invocations
  2138 | D:4      | Reached XP level 6. HP: 55/55 MP: 5/5
  2254 | D:5      | Entered Level 5 of the Dungeon
  2290 | D:5      | Reached skill level 5 in Fighting
  2290 | D:5      | Reached skill level 5 in Armour
  2444 | D:5      | Reached skill level 5 in Shields
  2785 | D:5      | Reached * piety under Makhleb
  2786 | D:5      | Reached XP level 7. HP: 59/61 MP: 7/7
  2815 | D:5      | Reached skill level 6 in Axes
  3802 | D:6      | Found an ancient bone altar of Kikubaaqudgha.
  3876 | D:6      | Reached skill level 7 in Axes
  3876 | D:6      | Reached XP level 8. HP: 66/70 MP: 7/9
  4261 | D:6      | Reached skill level 8 in Axes
  4402 | D:6      | Reached ** piety under Makhleb
  4925 | D:7      | Reached XP level 9. HP: 78/78 MP: 9/11
  4959 | D:7      | Found a sparkling altar of Nemelex Xobeh.
  5022 | D:7      | Found a glowing golden altar of the Shining One.
  5030 | D:7      | Found a stormy altar of Qazlal.
  5062 | D:7      | Found a bloodstained altar of Trog.
  5062 | D:7      | Found a hazy altar of Hepliaklqana.
  5069 | D:7      | Found a white marble altar of Elyvilon.
  5069 | D:7      | Found a sparkling altar of Nemelex Xobeh.
  5069 | D:7      | Found a shimmering blue altar of Sif Muna.
  5071 | D:7      | Found a snail-covered altar of Cheibriados.
  5073 | D:7      | Found a radiant altar of Vehumet.
  5289 | D:7      | HP: 1/78 [swamp worm (9)]
  5303 | D:7      | Mangled by a swamp worm

Levels and vault maps discovered:
D:1:      lemuel_arrival_funnel, layout_loops_ring, minmay_cut_off
D:2:      layout_loops_cross
D:3:      layout_loops_cross, kennysheep_generic_room_15, uniq_ijyb
D:4:      layout_loops_cross, kennysheep_little_box, minmay_temple_entry_tees,
          fedhas_bush_and_centaur_altar
D:5:      layout_layer_cave, first_ration
D:6:      cheibrodos_fzero, layout_loops_ring, basic_altar,
          chequers_serial_rivers_room_a
D:7:      layout_rooms, minitemple, lemuel_crystal_altar, kennysheep_mini,
          basic_altar, hex_tiny, grunt_ogre_cave, worms_lemuel
Temple:   minmay_temple_curvy_loop

Skill      XL: |  1  2  3  4  5  6  7  8 |
---------------+-------------------------+-----
Axes           | 3 4 5 7 8 |  8.8
Shields        | 4 5 6 |  6.9
Fighting       | 4 5 6 |  6.9
Armour         | 4 5 6 |  6.9
Invocations    | 1 2 4 |  4.1

Action                   |  1- 3 |  4- 6 |  7- 9 || total
-------------------------+-------+-------+-------++-------
Melee: War axe           |    66 |    75 |       ||   141
       Headbutt          |    10 |    16 |    28 ||    54
       Hand axe          |       |    41 |   181 ||   222
  Use: Potion            |       |       |     3 ||     3
  Eat: Chunk             |       |     6 |     8 ||    14
Armor: Scale mail        |    37 |    17 |       ||    54
       Chain mail        |       |    36 |    70 ||   106
Dodge: Dodged            |    30 |    32 |    37 ||    99
Block: Kite shield       |    47 |    76 |    82 ||   205

Table legend:
 A = Non-vault XP
 B = Vault XP
 C = Vault XP percentage of total XP
 D = Non-vault monster count
 E = Vault monster count
 F = Vault count percentage of total count
                 A         B        C        D         E       F
            +---------+---------+-------+---------+---------+-------
      Total |    2086 |     897 |  30.1 |     109 |      17 |  13.5
            +---------+---------+-------+---------+---------+-------
        D:1 |      30 |       9 |  23.1 |      11 |       4 |  26.7
        D:2 |      84 |       0 |   0.0 |      24 |       0 |   0.0
        D:3 |      14 |       0 |   0.0 |       6 |       0 |   0.0
        D:4 |     175 |     110 |  38.6 |      10 |       1 |   9.1
        D:5 |     582 |     136 |  18.9 |      28 |       1 |   3.4
        D:6 |     481 |     642 |  57.2 |      11 |      11 |  50.0
        D:7 |     720 |       0 |   0.0 |      19 |       0 |   0.0
            +---------+---------+-------+---------+---------+-------
